 Dungeon Crawl Stone Soup version 0.27-a0-1140-g099f9bb0e8 (webtiles) character file.

Game seed: 13819605782335642495

161 Zeld the Shield-Bearer (level 5, -2/37 HPs)
             Began as an Octopode Fighter on May 9, 2021.
             Was an Initiate of Okawaru.
             Slain by Purgy (4 damage)
             ... in a sewer.
             The game lasted 00:03:26 (4001 turns).

Zeld the Shield-Bearer (Octopode Fighter)           Turns: 4001, Time: 00:03:27

Health: -2/37      AC:  1    Str: 16    XL:     5   Next: 42%
Magic:  5/5        EV: 11    Int: 10    God:    Okawaru [......]
Gold:   594        SH:  9    Dex: 12    Spells: 4/4 levels left

rFire    . . .     SeeInvis .   a - +0 war axe
rCold    . . .     Faith    .   b - +0 kite shield
rNeg     . . .     Spirit   .   (helmet restricted)
rPois    .         Reflect  .   (no amulet)
rElec    .         Harm     .   (no ring)
rCorr    .         Rampage  .   (no ring)
Will     .....                  (no ring)
Stlth    ++........             (no ring)
HPRegen  0.12/turn              (no ring)
MPRegen  0.09/turn              (no ring)
                                (no ring)
                                (no ring)

@: mighty
A: almost no armour, amphibious, 8 rings, camouflage 1, gelatinous body 1,
(nimble swimmer 1), tentacles
a: Renounce Religion


You were in a sewer.
You worshipped Okawaru.
Okawaru was noncommittal.
You visited 1 branch of the dungeon, and saw 4 of its levels.
You also visited: Sewer.

You collected 678 gold pieces.
You spent 84 gold pieces at shops.

Inventory:

Hand Weapons
 a - a +0 war axe (weapon)
Missiles
 l - 11 poisoned darts (quivered)
Armour
 b - a +0 kite shield (worn)
Scrolls
 h - a scroll of summoning
Potions
 e - a potion of magic {unknown}
 j - 2 potions of curing {unknown}
 k - a potion of mutation {unknown}
 n - a potion of heal wounds {unknown}


   Skills:
 - Level 3.9 Fighting
 - Level 3.1 Axes
 * Level 2.3 Throwing
 - Level 3.0 Dodging
 - Level 3.9 Shields


You had 4 spell levels left.
You didn't know any spells.
Your spell library was empty.

Dungeon Overview and Level Annotations

Branches:
Dungeon (4/15)              Sewer (1/1)
 Temple: D:4-7

Altars:
Makhleb
Okawaru
Ru
Vehumet

Shops:
D:2 ?

Annotations:
Sewer Purgy


Innate Abilities, Weirdness & Mutations

You cannot wear most types of armour.
You are amphibious.
You can wear up to eight rings at the same time.
Your skin changes colour to match your surroundings (Stealth+).
Your rubbery body absorbs attacks. (AC +1, EV +1)
((You are camouflaged near water. (Stealth+)))
You have tentacles for arms and can constrict up to eight enemies at once.


Message History

Okawaru accepts your kill.
No target in view!
You open the door.
Purgy the Meek comes into view.
Found a hand crossbow.
Purgy is nearby!
You feel very mighty all of a sudden.
Throw: 12 darts (poison)
Press: ? - help, Q - select action Shift-Dir - straight line, f - Purgy
Aim: Purgy (asleep, 98% to hit)
You throw a poisoned dart. The poisoned dart hits Purgy.
Purgy shouts!
You slash Purgy! You squeeze Purgy!
Purgy is severely wounded.
You block Purgy's attack. Purgy claws you. You block Purgy's attack.
You closely miss Purgy.
Purgy is severely wounded.
Purgy bites you. You block Purgy's attack. Purgy claws you. Purgy bites you.
Purgy claws you. Purgy completely misses you.
You barely miss Purgy.
Purgy is heavily wounded.
You block Purgy's attack. Purgy claws you. You block Purgy's attack.
You barely miss Purgy.
Purgy is heavily wounded.
Purgy bites you but does no damage. Purgy barely misses you. Purgy claws you.
You block Purgy's attack. x2; Purgy barely misses you.
You are too injured to fight recklessly!
You are too injured to fight recklessly!
You barely miss Purgy. You squeeze Purgy.
Purgy is heavily wounded.
Purgy bites you!
* * * LOW HITPOINT WARNING * * *
Purgy closely misses you. You block Purgy's attack.
Purgy pleads, "Don't hit me!"
Purgy bites you.
* * * LOW HITPOINT WARNING * * *
Purgy claws you.
* * * LOW HITPOINT WARNING * * *
Purgy claws you.
You die...

############
#∩##.##.##.#
#.##.##.##.#
#+##+##.##'##)##)#
.................#######
≈≈≈≈≈≈≈.≈≈≈≈≈≈≈≈≈#≈≈≈≈≈≈
≈≈≈≈≈≈≈∩≈≈≈≈≈≈≈≈≈#≈≈≈≈≈≈
≈≈≈≈≈≈≈.≈≈≈≈≈≈≈≈≈#≈≈≈≈≈≈
................@#######
#+##+##+##+##+##T# #(#
#)# ###


You could see Purgy.

Vanquished Creatures
  Terence (D:2)
  A gnoll (D:1)
  2 river rats (D:4)
  3 adders
  3 worms
  4 dart slugs (D:1)
  4 orcs (D:3)
  2 ball pythons
  4 bats
  7 endoplasms
  A giant cockroach (D:1)
  6 goblins
  A hobgoblin (D:1)
  4 jackals (D:3)
  5 frilled lizards
  6 kobolds
  9 rats
63 creatures vanquished.

Notes
Turn   | Place    | Note
-------+----------+-------------------------------------------
     0 | D:1      | Zeld the Octopode Fighter began the quest for the Orb.
     0 | D:1      | Reached XP level 1. HP: 16/16 MP: 1/1
   154 | D:1      | Reached XP level 2. HP: 16/21 MP: 2/2
   566 | D:1      | Reached XP level 3. HP: 16/26 MP: 3/3
  1157 | D:1      | Found an iron altar of Okawaru.
  1315 | D:1      | Became a worshipper of Warmaster Okawaru
  1343 | D:2      | Found a sacrificial altar of Ru.
  1411 | D:2      | Reached XP level 4. HP: 11/32 MP: 4/4
  1641 | D:2      | Found Etics's Magic Scroll Boutique.
  1667 | D:2      | Noticed Terence
  1677 | D:2      | Killed Terence
  2032 | D:2      | Found a runed translucent door.
  2033 | D:2      | Noticed Crazy Yiuf
  2264 | D:2      | Bought a scroll of identify for 28 gold pieces
  2755 | D:3      | Found a faded altar of an unknown god.
  2792 | D:3      | Found a radiant altar of Vehumet.
  2880 | D:3      | Reached skill level 1 in Throwing
  2888 | D:3      | Found a burning altar of Makhleb.
  2952 | D:3      | Reached XP level 5. HP: 37/37 MP: 5/5
  3410 | D:2      | Bought a scroll of identify for 28 gold pieces
  3410 | D:2      | Bought a scroll of identify for 28 gold pieces
  3437 | D:4      | Identified a scroll of acquirement
  3447 | D:4      | Acquired 569 gold pieces
  3494 | D:4      | Found a glowing drain.
  3508 | Sewer    | Entered a sewer
  3994 | Sewer    | Noticed Purgy
  4001 | Sewer    | Slain by Purgy

Illustrated notes

Levels and vault maps discovered:
D:1:      arrival_zaba_pyramid, layout_basic, dk_noncrumbling_3, fountainhead,
          kennysheep_flooded_box, grunt_decor_clamped
D:2:      layout_rooms, basic_altar, serial_shops, shop,
          uniq_crazy_yiuf_cottage, uniq_terence
D:3:      layout_loops_ring, overflow_temple_1_default, old_standard_altar,
          hellmonk_ecumenical_altar_slurped_away, minmay_misc_feat_four_crosses,
          amcnicky_mini_rare_corridor_liquid, hex_medium
D:4:      layout_gridville, grunt_temple_overflow_open,
          minmay_temple_entry_junction, portal_sewer_entry_e, minivault_1,
          uniq_menkaure
Sewer:    kennysheep_door_sewer

Skill      XL: |  1  2  3  4  5 |
---------------+----------------+-----
Axes           | 3 |  3.1
Throwing       | 1 2 |  2.3
Fighting       | |  3.9
Dodging        | |  3.0
Shields        | |  3.9

Action                   |  1- 3 |  4- 6 || total
-------------------------+-------+-------++-------
Melee: War axe           |    51 |    67 ||   118
       Constrict         |    12 |    18 ||    30
       Tentacles         |    10 |    14 ||    24
Throw: Dart              |       |     1 ||     1
  Use: Scroll            |       |     6 ||     6
       Potion            |       |     1 ||     1
 Stab: Sleeping          |     4 |     3 ||     7
Armor: Skin              |     4 |     3 ||     7
Dodge: Dodged            |    15 |    29 ||    44
Block: Kite shield       |    24 |    30 ||    54

Table legend: (Time is in decaauts)
 A = Elapsed time spent in this place.
 B = Non-inter-level travel time spent in this place.
 C = Inter-level travel time spent in this place.
 D = Time resting spent in this place.
 E = Time spent auto-exploring this place.
 F = Levels seen in this place.
 G = Mean time per level.
                   A        B        C        D        E       F      G
               +--------+--------+--------+--------+--------+-----+--------+
         Total |   4070 |   3901 |    169 |    744 |   2658 |   5 |  814.0 |
       Dungeon |   3574 |   3405 |    169 |    279 |   2644 |   4 |  893.5 |
         Sewer |    496 |    496 |      0 |    465 |     14 |   1 |  496.0 |
               +--------+--------+--------+--------+--------+-----+--------+

Top non-repeatable levels by time:
     D:2: 1450 daAuts
     D:1: 1344 daAuts
     D:3: 695 daAuts
   Sewer: 496 daAuts
     D:4: 83 daAuts
